 Dungeon Crawl Stone Soup version 0.28-a0-751-gef3a642a4e (webtiles) character file.

Game seed: 14135705576619902557

78 lawman0 the Chopper (level 4, -1/58 HPs)
             Began as a Palentonga Berserker on Oct 30, 2021.
             Was a Follower of Trog.
             Slain by an orc warrior (14 damage)
             ... on level 3 of the Dungeon.
             The game lasted 00:02:25 (2270 turns).

lawman0 the Chopper (Palentonga Berserker)          Turns: 2270, Time: 00:02:26

Health: -1/58      AC:  6    Str: 21    XL:     4   Next: 15%
Magic:  4/4        EV:  9    Int:  8    God:    Trog [*.....]
Gold:   62         SH:  0    Dex:  9    Spells: 3/3 levels left

rFire   . . .      SeeInvis +   a - +0 battleaxe
rCold   . . .      Faith    .   (shield currently unavailable)
rNeg    . . .      Spirit   .   g - +0 ring mail
rPois   .          Reflect  .   (no helmet)
rElec   .          Harm     .   i - +0 cloak
rCorr   .          Rampage  .   (no gloves)
Will    .....                   (no barding)
Stlth   ..........              (no amulet)
HPRegen 0.19/turn               (no ring)
MPRegen 0.09/turn               (no ring)

@: berserking, very quick
A: large, rugged brown scales 3, see invisible, deformed body, roll 1, armoured
tail
a: Rolling Charge, Renounce Religion, Berserk


You were on level 3 of the Dungeon.
You worshipped Trog.
Trog was aware of your devotion.
You visited 1 branch of the dungeon, and saw 3 of its levels.

You collected 92 gold pieces.
You spent 30 gold pieces at shops.

Inventory:

Hand Weapons
 a - a +0 battleaxe (weapon)
Missiles
 c - 6 atropa-tipped darts
Armour
 g - a +0 ring mail (worn)
 i - a +0 cloak (worn)
Scrolls
 b - a scroll of magic mapping
 e - a scroll of blinking
 f - 2 scrolls of teleportation
Potions
 d - a potion of might
 h - a potion of curing


   Skills:
 + Level 3.6 Fighting
 * Level 4.3 Axes
 + Level 1.7 Armour
 + Level 1.7 Dodging


You had 3 spell levels left.
You didn't know any spells.
Your spell library was empty.

Dungeon Overview and Level Annotations

Branches:
Dungeon (3/15)

Altars:

Shops:
D:2 ?


Innate Abilities, Weirdness & Mutations

You are completely covered in rugged brown scales. (AC +3, +7% HP)
You have supernaturally acute eyesight. (SInv)
Armour fits poorly on your strangely shaped body.
You can roll at nearby foes to attack.
You have a long armoured tail.


Message History

The orc moves out of view.
Items here: ) [ ††.
Okay, then.
An orc warrior comes into view.
It is wielding a +1 war axe of electrocution.
There is a stone staircase leading up here.
You climb upwards.
There is a stone staircase leading down here.
You start resting.
HP restored.
You climb downwards.
There is a stone staircase leading up here.
You closely miss the orc. The orc hits you with a +0 club.
The orc closely misses you.
You slash the orc!
You kill the orc!
Trog accepts your kill.
A red film seems to cover your vision as you go berserk!
You feel yourself moving faster!
You feel mighty!
The orc warrior hits you with a +1 war axe of electrocution!
You are electrocuted!
You closely miss the orc warrior.
An orc priest comes into view. It is wielding a +0 bardiche.
The orc warrior barely misses you.
You barely miss the orc warrior. You tail-slap the orc warrior.
The orc warrior is lightly wounded.
The orc warrior hits you with a +1 war axe of electrocution!
* * * LOW HITPOINT WARNING * * *
You barely miss the orc warrior. You tail-slap the orc warrior!
The orc warrior is heavily wounded.
The orc warrior hits you but does no damage.
You are too injured to fight recklessly!
You closely miss the orc warrior.
The orc warrior is heavily wounded.
The orc warrior hits you with a +1 war axe of electrocution.
* * * LOW HITPOINT WARNING * * *
You are too injured to fight recklessly!
You closely miss the orc warrior.
The orc warrior is heavily wounded.
The orc warrior hits you with a +1 war axe of electrocution!
You die...

.... .... ..... ..
## ..... #.. .##
...... #.#
..####...... # #.#
#.##<....... .#
##.### #.#@.#......
..
#....####.#o.....#.#
...
##.....o......#####
...##....?#####.o.#
.....)........#..##
.o##.)....###.....#
#.#....# ##.#...
#.#............###
..##....######..


You could see an orc warrior and an orc priest.

Vanquished Creatures
  An orc wizard (D:3)
  An adder (D:2)
  A dart slug (D:2)
  2 orcs (D:3)
  8 ball pythons
  5 bats
  3 endoplasms
  2 goblins (D:1)
  3 hobgoblins
  4 frilled lizards
  4 kobolds
  8 rats
42 creatures vanquished.

Vanquished Creatures (others)
  2 fungi (D:1)
  21 plants (D:1)
23 creatures vanquished.

Grand Total: 65 creatures vanquished

Notes
Turn   | Place    | Note
-------+----------+-------------------------------------------
     0 | D:1      | lawman0 the Palentonga Berserker began the quest for the
                  | Orb.
     0 | D:1      | Reached XP level 1. HP: 19/19 MP: 1/1
     0 | D:1      | lol
   248 | D:1      | Reached XP level 2. HP: 24/25 MP: 2/2
   258 | D:1      | Found a faded altar of an unknown god.
  1077 | D:2      | Reached XP level 3. HP: 27/31 MP: 3/3
  1163 | D:2      | Found Evuyn Tedei's Magic Scroll Shoppe.
  1173 | D:2      | Bought a scroll of teleportation for 30 gold pieces
  1882 | D:2      | Reached skill level 4 in Axes
  2159 | D:3      | Reached XP level 4. HP: 25/39 MP: 4/4
  2161 | D:3      | Noticed an orc warrior
  2270 | D:3      | Slain by an orc warrior

Illustrated notes

.≈..... ≈.$..
≈.... # . ....
#.. #≈≈ ##≈≈##
....
.)..#?...#..#
....≈....≈..#..
..(.≈.⌠@.≈.....
....≈....≈.....
....#....#.....
... ##≈≈#+ ....
# .... ...
#.... .. #....
. ....[.


Turn 0 on D:1: lol

Levels and vault maps discovered:
D:1:      dpeg_arrival_rooms_with_view, layout_rooms,
          shapermc_ecumenical_altar_mp_ritualfount, serial_bayou_lagoon_a,
          minmay_misc_feat_rugged
D:2:      layout_basic, serial_shops, nicolae_lakefront_shop
D:3:      layout_rooms, uniq_terence

Skill      XL: |  1  2  3 |
---------------+----------+-----
Axes           | 4 |  4.3
Fighting       | |  3.6
Armour         | |  1.7
Dodging        | |  1.7

Action                   |  1- 3 |  4- 6 || total
-------------------------+-------+-------++-------
Melee: Battleaxe         |   100 |     7 ||   107
       Tailslap          |    12 |     2 ||    14
       Hand axe          |     3 |       ||     3
Invok: Berserk           |       |     1 ||     1
 Abil: Rolling Charge    |     3 |       ||     3
  Use: Scroll            |     4 |       ||     4
Armor: Animal skin       |    20 |       ||    20
       Ring mail         |    25 |     1 ||    26
Dodge: Dodged            |    69 |     2 ||    71

Table legend: (Time is in decaauts)
 A = Elapsed time spent in this place.
 B = Non-inter-level travel time spent in this place.
 C = Inter-level travel time spent in this place.
 D = Time resting spent in this place.
 E = Time spent auto-exploring this place.
 F = Levels seen in this place.
 G = Mean time per level.
                   A        B        C        D        E       F      G
               +--------+--------+--------+--------+--------+-----+--------+
         Total |   2344 |   2204 |    140 |     83 |   1719 |   3 |  781.3 |
       Dungeon |   2344 |   2204 |    140 |     83 |   1719 |   3 |  781.3 |
               +--------+--------+--------+--------+--------+-----+--------+

Top non-repeatable levels by time:
     D:2: 1205 daAuts
     D:1: 1082 daAuts
     D:3: 56 daAuts
